 Dungeon Crawl Stone Soup version 0.32-a0-306-gfed3edf829 (webtiles) character file.

Game seed: 7878883854732881625

515866 Strat the Wrestler (level 24, -19/287 HPs)
             Began as a Pale Draconian Shapeshifter on Feb 14, 2024.
             Was the Champion of Nemelex Xobeh.
             Killed from afar by a quicksilver dragon (36 damage)
             ... with a bolt of dispelling energy
             ... on level 2 of the Realm of Zot on Feb 15, 2024.
             The game lasted 02:28:31 (49300 turns).

Strat the Wrestler (Pale Draconian Shapeshifter)   Turns: 49300, Time: 02:28:32

Health: -19/287    AC: 41    Str: 20    XL:     24   Next: 1%
Magic:  35/35      EV: 22    Int:  7    God:    Nemelex Xobeh [******]
Gold:   6866       SH: 15    Dex: 19    Spells: 18/23 levels left

rFire   + +          +
                       - Unarmed
rCold   + . .        A - +2 kite shield {rN+}
rNeg    + + +        (body armour unavailable)
rPois   ∞            b - +2 hat "Poh Ic Noqus" {rElec rF++ rCorr Int-3}
rElec   +            n - +2 cloak
rCorr   +            D - melded +1 pair of gloves of the Maze {Regen+ Str+4 Slay+2}
SInv    .            m - melded +2 pair of boots
Will    +....        h - amulet of regeneration
Stlth   +++          J - ring of Otihyepa {rF+ AC+4 Str+3}
HPRegen 1.47/turn    T - ring "Zulutt" {rC+ rN++ rCorr Str-4 Slay+4}
MPRegen 0.24/turn

%: no passive effects
@: statue-form, studying Translocations, very slow
A: slow and powerful, torment resistance 1, boosted hp, (breathe steam), AC +12,
unfitting armour, cold-blooded, steam resistance
}: 3/15 runes: decaying, silver, gossamer
a: Begin Untransformation, Renounce Religion, Draw Escape, Draw Destruction,
Draw Summoning, Triple Draw, Deal Four, Stack Five


You were on level 2 of the Realm of Zot.
You worshipped Nemelex Xobeh.
Nemelex Xobeh was exalted by your worship.
You were a living statue of rough stone.
You visited 10 branches of the dungeon, and saw 45 of its levels.
You visited 2 bazaars.
You also visited: Gauntlet.

You collected 7490 gold pieces.
You spent 624 gold pieces at shops.

Inventory:

Missiles
 d - 9 silver javelins
 e - 4 throwing nets
 k - 2 darts of dispersal
 O - 5 javelins (quivered)
Armour
 b - the +2 hat "Poh Ic Noqus" (worn) {rElec rF++ rCorr Int-3}
   (You found it on level 4 of the Spider Nest)

   Int-3:     It affects your intelligence (-3).
   rF++:      It greatly protects you from fire.
   rElec:     It insulates you from electricity.
   rCorr:     It protects you from acid and corrosion.
 m - a +2 pair of boots (melded)
 n - a +2 cloak (worn)
 A - a +2 kite shield of positive energy (worn)
 D - the +1 pair of gloves of the Maze (melded) {Regen+ Str+4 Slay+2}
   (You acquired it on level 10 of the Dungeon)

   Str+4:     It affects your strength (+4).
   Slay+2:    It affects your accuracy & damage with ranged weapons and melee
   (+2).
   Regen+:    It increases your rate of health regeneration.
Jewellery
 h - an amulet of regeneration (around neck)
 l - a +5 ring of evasion
 C - the ring "Meclohue" {rC++ rCorr Str+3 Int-4 SInv}
   (You found it in a Gauntlet)

   [ring of resist corrosion]

   Str+3:     It affects your strength (+3).
   Int-4:     It affects your intelligence (-4).
   rC++:      It greatly protects you from cold.
   SInv:      It lets you see invisible.
   rCorr:     It protects you from acid and corrosion.
 J - the ring of Otihyepa (left fist) {rF+ AC+4 Str+3}
   (You acquired it on level 3 of the Vaults)

   [ring of protection]

   AC+4:      It affects your AC (+4).
   Str+3:     It affects your strength (+3).
   rF+:       It protects you from fire.
 S - a ring of poison resistance
 T - the ring "Zulutt" (right fist) {rC+ rN++ rCorr Str-4 Slay+4}
   (You found it on level 2 of the Depths)

   [ring of slaying]

   Str-4:     It affects your strength (-4).
   Slay+4:    It affects your accuracy & damage with ranged weapons and melee
   (+4).
   rC+:       It protects you from cold.
   rN++:      It greatly protects you from negative energy.
   rCorr:     It protects you from acid and corrosion.
 Y - a ring of willpower
Talismans
 u - a storm talisman
 E - a maw talisman
 L - a granite talisman (active)
Wands
 i - a wand of digging (9)
 t - a wand of charming (57)
 y - a wand of polymorph (29)
 z - a wand of mindburst (41)
 N - a wand of iceblast (45)
 P - a wand of acid (36)
 Q - a wand of flame (75)
Scrolls
 a - 2 scrolls of torment
 f - 2 scrolls of fear
 o - 22 scrolls of teleportation
 q - 14 scrolls of immolation
 r - 2 scrolls of poison
 v - a scroll of summoning
 x - 8 scrolls of fog
 B - 6 scrolls of revelation
 H - 10 scrolls of amnesia
 M - 12 scrolls of silence
 X - a scroll of enchant armour
Potions
 c - 2 potions of lignification
 g - 16 potions of mutation
 j - 4 potions of invisibility
 p - 12 potions of curing
 w - 10 potions of brilliance
 F - 4 potions of haste
 I - 6 potions of resistance
 K - a potion of berserk rage
 U - 7 potions of enlightenment
 W - 8 potions of might
 Z - 3 potions of magic


   Skills:
 + Level 19.1 Fighting
 - Level 16.0 Dodging
 - Level 5.0 Stealth
 - Level 12.0 Shields
 + Level 23.2 Unarmed Combat
 + Level 4.6 Translocations
 - Level 16.0 Invocations
 - Level 6.0 Evocations
 + Level 20.8 Shapeshifting


You had 18 spell levels left.
You knew the following spells:

 Your Spells              Type           Power      Damage    Failure   Level
a - Blink                 Tloc           12%        N/A       19%         2
b - Lesser Beckoning      Tloc           12%        N/A       19%         2
c - Apportation           Tloc           12%        N/A       12%         1

Your spell library contained the following spells:

 Spells                   Type           Power      Damage    Failure   Level
 Gell's Gravitas          Tloc           6%         N/A       36%         3
 Teleport Other           Tloc           6%         N/A       36%         3
 Momentum Strike          Conj/Tloc      6%         3d8       43%         2
 Freeze                   Ice            0%         1d3       63%         1
 Kiss of Death            Conj/Necr      0%         2d5       63%         1
 Necrotise                Necr           0%         1d4       63%         1
 Sandblast                Erth           0%         2d4       63%         1
 Shock                    Conj/Air       0%         1d3       63%         1
 Summon Small Mammal      Summ           0%         N/A       63%         1
 Volatile Blastmotes      Fire/Tloc      6%         2d10      67%         3
 Cigotuvi's Dreadful Rot  Necr/Alch/Air  0%         N/A       77%         2
 Ensorcelled Hibernation  Hex/Ice        0%         N/A       77%         2
 Jinxbite                 Hex            0%         N/A       77%         2
 Scorch                   Fire           0%         2d5       77%         2
 Static Discharge         Conj/Air       0%         3-3/arc   77%         2
 Manifold Assault         Tloc           6%         N/A       77%         4
 Call Canine Familiar     Summ           0%         N/A       94%         3
 Confusing Touch          Hex            0%         N/A       94%         3
 Dazzling Flash           Conj/Hex       0%         N/A       94%         3
 Frozen Ramparts          Ice            0%         1d1       94%         3
 Fugue of the Fallen      Necr           0%         N/A       94%         3
 Hailstorm                Conj/Ice       0%         3d5       94%         3
 Mephitic Cloud           Conj/Alch/Air  0%         N/A       94%         3
 Ozocubu's Armour         Ice            0%         N/A       94%         3
 Passwall                 Erth           0%         N/A       94%         3
 Sigil of Binding         Hex            0%         N/A       94%         3
 Stone Arrow              Conj/Erth      0%         3d7       94%         3
 Swiftness                Air            0%         N/A       94%         3
 Vampiric Draining        Necr           0%         2d6       94%         3
 Dimensional Bullseye     Hex/Tloc       1%         N/A       97%         4
 Iskenderun's Mystic Bla  Conj/Tloc      3%         2d3       97%         4
 Vhi's Electric Charge    Tloc/Air       6%         N/A       97%         4
 Airstrike                Air            0%         2d(0-16)  100%        4
 Anguish                  Hex/Necr       0%         N/A       100%        4
 Animate Dead             Necr           0%         N/A       100%        4
 Brom's Barrelling Bould  Conj/Erth      0%         2d3       100%        4
 Dispel Undead            Necr           0%         3d6       100%        4
 Flame Wave               Conj/Fire      0%         2d4       100%        4
 Fulminant Prism          Conj/Alch      0%         3d5       100%        4
 Martyr's Knell           Necr/Summ      0%         N/A       100%        4
 Olgreb's Toxic Radiance  Alch           0%         N/A       100%        4
 Summon Blazeheart Golem  Fire/Summ      0%         N/A       100%        4
 Summon Lightning Spire   Summ/Air       0%         N/A       100%        4
 Alistair's Intoxication  Alch           0%         N/A       100%        5
 Borgnjor's Vile Clutch   Necr/Erth      0%         N/A       100%        5
 Curse of Agony           Necr           0%         N/A       100%        5
 Fireball                 Conj/Fire      0%         3d3       100%        5
 Iskenderun's Battlesphe  Conj           0%         2d6       100%        5
 Silence                  Hex/Air        0%         N/A       100%        5
 Yara's Violent Unravell  Hex/Alch       0%         3d3       100%        5
 Conjure Ball Lightning   Conj/Air       0%         3x3d6     100%        6
 Death Channel            Necr           0%         N/A       100%        6
 Plasma Beam              Fire/Air       0%         2x1d10    100%        6
 Sculpt Simulacrum        Ice/Alch       0%         N/A       100%        6
 Starburst                Conj/Fire      0%         6d3       100%        6
 Summon Cactus Giant      Summ           0%         N/A       100%        6
 Enfeeble                 Hex            0%         N/A       100%        7
 Haunt                    Necr/Summ      0%         N/A       100%        7
 Malign Gateway           Summ/Tloc      1%         N/A       100%        7
 Orb of Destruction       Conj           0%         9d5       100%        7
 Ozocubu's Refrigeration  Ice            0%         4d7       100%        7
 Discord                  Hex            0%         N/A       100%        8
 Infestation              Necr           0%         N/A       100%        8
 Maxwell's Capacitive Co  Air            0%         ∞         100%        8
 Summon Horrible Things   Summ           0%         N/A       100%        8
 Death's Door             Necr           0%         N/A       100%        9
 Polar Vortex             Ice            0%         N/A       100%        9


Dungeon Overview and Level Annotations

Branches:
Dungeon (15/15)            Temple (1/1) D:5            Lair (5/5) D:8
  Swamp (4/4) Lair:3       Spider (4/4) Lair:2        Slime (0/5) Lair:5
    Orc (2/2) D:12            Elf (3/3) Orc:2        Vaults (5/5) D:14
  Crypt (0/3) Vaults:2     Depths (4/4) D:15            Zot (2/5) Depths:4
Gauntlet (visited)

Altars:
Ashenzari
Cheibriados
Dithmenos
Elyvilon
Fedhas
Gozag
Hepliaklqana
Kikubaaqudgha
Makhleb
Nemelex Xobeh
Okawaru
Qazlal
Ru
Sif Muna
Trog
Uskayaw
Vehumet
Wu Jian
Xom
Yredelemnul
Zin
The Shining One
Jiyva

Shops:
D:7 *   D:13 *(:*=(   D:15 *   Orc:2 ?*=(   Elf:1 [=[:   Elf:3 (   Vaults:2 **!

Portals:
Hell: Depths:1 Depths:2 Depths:3 Depths:4
Abyss: Depths:3
Pandemonium: Depths:2
Ziggurat: Depths:1

Annotations:
D:7 Joseph
D:11 2 transporters, DeathSocks's ghost, journeyman VSDe
Lair:5 exclusion: oklob plant
Spider:4 1 runed translucent door, Unoview's ghost, adept KoAr
Elf:2 3 runed translucent doors
Vaults:2 3 runed translucent doors, exclusion: obsidian statue, Pixtaico's ghost, adept FeNe
Zot:1 2 transporters, Pessaschasee's ghost, legendary HOFi
Zot:2 Caurgh's ghost, veteran OnBe


Innate Abilities, Weirdness & Mutations

You are a living statue of rough stone.
Your actions are slow, but your melee attacks are powerful.
You are resistant to unholy torment.
Your maximum health is greatly increased.
Your equipment is partially melded.
((You can breathe blasts of scalding, opaque steam.))
((Your pale cyan-grey scales are hard. (AC +12)))
You cannot fit into any form of body armour.
You are immune to poison.
You are cold-blooded and may be slowed by cold attacks.
You are immune to the effects of steam.


Message History

The tentacled monstrosity tentacle-slaps you.
* * * LOW HITPOINT WARNING * * *
The tentacled monstrosity constricts you.
The death cob barely misses you. You block the golden dragon's attack.
The golden dragon claws you but does no damage.
You block the golden dragon's attack. You block the green draconian's attack.
You escape the tentacled monstrosity's grasp.
The death cob attacks as it pursues you!
You block the death cob's attack. x3
The tentacled monstrosity tentacle-slaps you!
* * * LOW HITPOINT WARNING * * *
The tentacled monstrosity tentacle-slaps you but does no damage. x2
The tentacled monstrosity barely misses you.
The golden dragon attacks as it pursues you!
The golden dragon misses you.
The golden dragon completely misses you. x2
The death cob hits you but does no damage.
Found 2 potions of berserk rage.
The death cob hits you.
* * * LOW HITPOINT WARNING * * *
The golden dragon attacks as it pursues you!
The golden dragon misses you.
The golden dragon claws you but does no damage.
You block the golden dragon's attack.
You see here a wand of digging (6).
The tentacled monstrosity attacks as it pursues you!
You block the tentacled monstrosity's attack.
The tentacled monstrosity barely misses you.
You block the tentacled monstrosity's attack.
The tentacled monstrosity misses you.
The green draconian breathes poison at you.
The golden dragon breathes poison at you.
The blast of poison misses you. The red draconian breathes fire at you.
The searing blast hits you. You resist.
* * * LOW HITPOINT WARNING * * *
You feel better.
The red draconian looks more energetic.
The quicksilver dragon breathes dispelling energy at you.
The bolt of dispelling energy hits you!!!
You die...
Your body glows slightly and disappears.

*,,,*** ** *,,,..#* ##### **,
**,,...#* #...#**##***,,
*,,....#* #...#*...#*,,,
*****.....######...##...#,,,,
*,,,,.!..)...........(...,,,,
*,,,,.....☼☼☼DDdd........,,,,
*,,,,.....○☼☼○☼Dzd.......,,,,
****,......○IX##z........,,*,
**.....§☼○○°#d........***,
*#....☼§☼☼☼°○○......#,,*,
##........☼.#dd...##***~
##..........d......,~~~
***##............d...,,~~
*,,,...............#####~
*,,....................#,
*,,,,...§....>.......>.#.


You could see a tentacled monstrosity, 2 golden dragons, 2 draconians, 2
draconians, a purple draconian, a red draconian (poisoned, catching breath), a
death cob and a quicksilver dragon (poisoned, catching breath).

Vanquished Creatures
  An ancient lich (Vaults:5)
  2 juggernauts (Depths:2)
  Josephina (Depths:4)
  Sojobo (Depths:2)
  Boris (Depths:2)
  Margery (Depths:4)
  A caustic shrike (Depths:2)
  10 golden dragons
  Norris (Vaults:1)
  A bone dragon (Depths:4)
  A hellephant (Depths:4)
  11 tentacled monstrosities
  A walking earthen tome (Depths:2)
  A walking crystal tome (Depths:2)
  4 liches
  7 deep elf blademasters
  2 deep elf master archers (Elf:3)
  6 titans (Vaults:5)
  2 quicksilver dragons
  4 sphinxes
  A death cob (Zot:1)
  9 storm dragons
  A thorn hunter (Swamp:4)
  10 tengu reavers
  7 shadow dragons
  Donald (Orc:1)
  11 frost giants
  An iron dragon (Vaults:5)
  8 deep elf sorcerers
  13 fire giants
  3 emperor scorpions
  20 vault wardens
  2 draconian scorchers (Depths:4)
  4 ghost moths
  2 orc warlords
  A draconian annihilator (Depths:4)
  2 caustic shrike zombies (Depths:3)
  A hydra skeleton (Swamp:4)
  2 ghouls (Swamp:4)
  3 deep elf elementalists (Elf:3)
  2 juggernaut zombies (Depths:3)
  6 broodmothers
  8 ironbound thunderhulks
  25 ironbound preservers
  A green draconian (Depths:4)
  19 stone giants
  3 formless jellyfish
  4 vampire knights
  26 very ugly things
  5 deep elf death magi
  A black draconian (Depths:4)
  5 eleionomae
  A yellow draconian (Depths:4)
  7 deep elf annihilators
  A purple draconian (Zot:2)
  3 bunyips
  A minotaur (Gauntlet)
  6 war gargoyles
  19 dire elephants
  A red draconian (Depths:4)
  12 spark wasps
  10 ettins
  A merfolk javelineer (Depths:3)
  9 yaktaur captains
  3 shambling mangroves (Swamp:4)
  4 deep elf high priests
  9 entropy weavers
  5 fire dragons
  4 ice dragons (Depths:4)
  A merfolk impaler (Depths:3)
  7 great orbs of eyes
  5 ogre magi
  2 rakshasas (Depths:4)
  A jorogumo (Spider:2)
  A sphinx zombie (Depths:3)
  37 vault guards
  A peacekeeper (Vaults:2)
  3 spriggan air magi
  2 ghost crabs (Swamp:1)
  A hell beast (Depths:1)
  4 catoblepae
  Erica (D:9)
  5 centaur warriors
  11 hydras
  4 radroaches
  5 ironbound frosthearts
  22 two-headed ogres
  12 alligators
  7 boulder beetles
  17 dancing weapons
  4 tengu warriors
  4 deep troll earth magi
  A titan zombie (Depths:3)
  A deep troll shaman (Depths:4)
  A hell hog (Depths:1)
  11 death yaks
  A soul eater (Depths:1)
  3 occultists
  7 demonic crawlers
  4 spriggan berserkers
  A vampire mage (Depths:3)
  9 deep elf knights
  9 hell knights
  3 iron trolls
  2 salamander mystics (Depths:4)
  5 pharaoh ants
  2 spark wasp zombies (Depths:3)
  4 skysharks
  A golden dragon zombie (Depths:3)
  6 goliath frogs
  31 deep trolls
  11 swamp dragons
  6 orb spiders
  9 arcanists
  2 flayed ghosts (Depths:3)
  14 deep elf archers
  3 glowing orange brains
  21 ironbound convokers
  4 spriggan druids
  2 sun moths (Spider:4)
  An orb spider (shapeshifter) (Vaults:5)
  2 bog bodies
  15 lindwurms
  3 spectral hydras (Swamp:4)
  7 necromancers
  4 steelbarb worms
  A steelbarb worm (shapeshifter) (D:15)
  29 deep elf pyromancers
  5 phantasmal warriors
  6 orc knights
  A shadow dragon zombie (Depths:3)
  5 tengu zombies
  4 frost giant zombies (Depths:3)
  2 orc sorcerers
  16 wolf spiders
  17 deep elf zephyrmancers
  An elf skeleton (Vaults:2)
  4 oklob plants
  A wolf spider (shapeshifter) (Vaults:5)
  3 will-o-the-wisps
  34 ugly things
  An iron dragon zombie (Depths:3)
  3 cyclopes
  8 manticores
  8 salamanders
  A faun (shapeshifter) (Vaults:2)
  A fire giant zombie (Depths:3)
  4 moths of wrath
  11 elephants
  A fire giant skeleton (Vaults:2)
  A large abomination (D:11)
  5 meliai (Spider:3)
  7 black mambas
  2 gargoyles
  2 titan simulacra (Depths:4)
  A water nymph (Lair:4)
  3 torpor snails
  23 vault sentinels
  A smoke demon (Depths:1)
  2 unseen horrors
  11 cane toads
  A storm dragon simulacrum (Depths:4)
  2 rime drakes
  30 yaktaurs
  Psyche (D:8)
  A freezing wraith (Vaults:4)
  A golden dragon simulacrum (Depths:4)
  6 komodo dragons
  A harpy zombie (D:11)
  3 hydra zombies (Swamp:4)
  4 tengu conjurers
  A troll (shapeshifter) (Vaults:5)
  4 trolls
  8 tyrant leeches
  3 polar bears
  15 hornets
  A polar bear (shapeshifter) (Vaults:5)
  2 glass eyes
  8 blink frogs
  12 tarantellas
  An ettin zombie (Vaults:2)
  A snapping turtle (shapeshifter) (Depths:4)
  2 meliai zombies (D:11)
  24 culicivoras
  36 slime creatures
  15 jumping spiders
  A centaur simulacrum (D:14)
  15 water elementals
  9 spriggans
  A spriggan (shapeshifter) (Vaults:5)
  2 wraiths
  A culicivora (shapeshifter) (Vaults:5)
  2 air elementals (Elf:3)
  A yak (shapeshifter) (D:13)
  2 vampires
  42 yaks
  3 basilisks
  5 wyverns
  4 fire elementals
  4 hogs (Lair:4)
  A steam dragon (Lair:2)
  2 wargs
  58 redbacks
  5 vampire mosquitoes
  2 glowing shapeshifter zombies (Depths:3)
  A human zombie (Depths:3)
  15 swamp worms
  2 hydra simulacra (Swamp:4)
  An acid dragon (D:13)
  13 water moccasins
  5 swamp drakes
  A black bear (Lair:4)
  18 orc warriors
  A sky beast (D:7)
  2 ice beasts (D:7)
  An elephant zombie (D:11)
  3 laughing skulls
  24 ogres
  4 swamp dragon zombies (Swamp:4)
  A swamp dragon skeleton (Swamp:4)
  30 wolves
  2 centaurs
  A phantom (D:7)
  2 kobold brigands
  16 bullfrogs
  4 scorpions
  13 wights
  4 spriggan zombies
  A vampire bat (D:9)
  A wolf zombie (D:11)
  2 centaur zombies (D:11)
  3 hounds
  16 orc priests
  A jelly (D:6)
  2 sleepcaps
  2 iguanas
  15 orc wizards
  4 hell rats (Lair:1)
  4 killer bee zombies (D:11)
  A swamp drake zombie (Swamp:4)
  6 adders
  4 river rats (Lair:1)
  2 shadow imps
  A swamp drake skeleton (Swamp:4)
  12 white imps (D:13)
  2 ufetubi (D:5)
  4 dart slugs
  3 ribbon worms
  46 orcs
  12 bats
  10 endoplasms
  3 giant cockroaches
  9 goblins
  5 hobgoblins
  5 jackals
  16 kobolds
  3 quokkas
  5 ball pythons
  10 frilled lizards
  9 rats
  A butterfly (Lair:5)
1677 creatures vanquished.

Vanquished Creatures (collateral kills)
  A storm dragon (Vaults:4)
  A deep elf sorcerer (Elf:3)
  Nessos (Lair:4)
  2 deep elf annihilators (Elf:3)
  An entropy weaver (Spider:4)
  A deep elf high priest (Elf:3)
  3 death yaks (Lair:5)
  An orb spider (Spider:4)
  An orc knight (Orc:1)
  A moth of wrath (Zot:2)
  A wolf spider (Spider:4)
  A vault sentinel (Vaults:5)
  A torpor snail (Spider:4)
  A komodo dragon (Lair:5)
  A tarantella (Spider:3)
  8 jumping spiders
  A culicivora (Spider:4)
  4 redbacks
  An orc priest (Orc:1)
  3 orc wizards (Orc:1)
  3 orcs (Orc:1)
38 creatures vanquished.

Vanquished Creatures (others)
  Nikola (Depths:2)
  A deep elf elementalist (Elf:3)
  An ironbound thunderhulk (Vaults:1)
  A deep elf knight (Elf:3)
  A deep elf zephyrmancer (Elf:1)
  A boggart (Elf:1)
  2 orcs (Orc:2)
  10 foxfires
18 creatures vanquished.

Grand Total: 1733 creatures vanquished

Notes
Turn   | Place    | Note
-------+----------+-------------------------------------------
     0 | D:1      | Strat the Draconian Shapeshifter began the quest for the
                  | Orb.
     0 | D:1      | Reached XP level 1. HP: 16/16 MP: 1/1
    59 | D:1      | Reached XP level 2. HP: 23/23 MP: 2/2
   223 | D:1      | Reached XP level 3. HP: 28/28 MP: 3/3
   242 | D:1      | Reached skill level 4 in Unarmed Combat
   627 | D:2      | Reached XP level 4. HP: 35/35 MP: 4/4
  1014 | D:2      | Reached skill level 5 in Unarmed Combat
  1014 | D:2      | Reached XP level 5. HP: 40/40 MP: 5/5
  2805 | D:5      | Entered Level 5 of the Dungeon
  2874 | D:5      | Reached XP level 6. HP: 19/47 MP: 6/6
  3058 | D:5      | Reached skill level 6 in Unarmed Combat
  3483 | D:5      | Noticed an orc warrior
  3774 | D:5      | Found a staircase to the Ecumenical Temple.
  3789 | D:5      | Your scales start taking on a pale cyan-grey colour.
  3789 | D:5      | Reached XP level 7. HP: 20/52 MP: 7/7
  3789 | D:5      | Gained mutation: You are immune to the effects of steam.
                  | [Pale Draconian growth]
  3928 | D:5      | Reached skill level 7 in Unarmed Combat
  3928 | D:5      | Reached skill level 5 in Shapeshifting
  4837 | D:6      | Reached skill level 8 in Unarmed Combat
  5059 | D:7      | Reached XP level 8. HP: 50/59 MP: 8/8
  5212 | D:7      | Found Tuarucki's CLEARANCE SALE!.
  5246 | D:7      | Bought a scroll of teleportation for 12 gold pieces
  5301 | D:7      | Reached skill level 9 in Unarmed Combat
  5315 | D:7      | Found a burning altar of Makhleb.
  5322 | D:7      | Found an opulent altar of Gozag.
  5770 | D:7      | Reached skill level 10 in Unarmed Combat
  5823 | D:7      | Noticed Joseph
  5830 | D:7      | HP: 1/59 [+0 spectral quarterstaff[Joseph] (10)]
  5980 | Temple   | Entered the Ecumenical Temple
  6057 | Temple   | Became a worshipper of Nemelex Xobeh the Trickster
  6254 | D:8      | Reached XP level 9. HP: 63/64 MP: 9/9
  6279 | D:8      | Found a staircase to the Lair.
  6548 | D:8      | Noticed Psyche
  6601 | D:8      | Killed Psyche
  6965 | D:8      | Found a shimmering blue altar of Sif Muna.
  7076 | D:9      | Reached * piety under Nemelex Xobeh
  7089 | D:9      | Received a gift from Nemelex Xobeh
  7271 | D:9      | Noticed Erica
  7538 | D:9      | Reached skill level 11 in Unarmed Combat
  7701 | D:9      | Killed Erica
  7766 | D:9      | Noticed a troll
  7793 | D:9      | Killed a troll
  7794 | D:9      | Reached XP level 10. HP: 71/80 MP: 10/10
  7888 | D:10     | Entered Level 10 of the Dungeon
  8296 | D:10     | Reached ** piety under Nemelex Xobeh
  8378 | D:10     | Reached skill level 5 in Fighting
  8412 | D:10     | Reached skill level 12 in Unarmed Combat
  8465 | D:10     | Identified a scroll of acquirement
  8465 | D:10     | Acquired the +1 pair of gloves of the Maze {Regen+ Str+4
                  | Slay+2}
  8537 | D:10     | Reached skill level 5 in Dodging
  8601 | D:10     | Received a gift from Nemelex Xobeh
  8794 | D:11     | Noticed a gargoyle
  8806 | D:11     | Killed a gargoyle
  8928 | D:11     | Noticed a large abomination
  9001 | D:11     | Found a transporter.
  9001 | D:11     | Noticed a manticore
  9008 | D:11     | Killed a manticore
  9014 | D:11     | Noticed a manticore
  9023 | D:11     | Received a gift from Nemelex Xobeh
  9026 | D:11     | Found a transporter.
  9027 | D:11     | Noticed an occultist
  9047 | D:11     | Reached *** piety under Nemelex Xobeh
  9214 | D:11     | Reached skill level 13 in Unarmed Combat
  9230 | D:11     | Reached XP level 11. HP: 91/91 MP: 11/11
  9233 | D:11     | Reached skill level 1 in Invocations
  9276 | D:11     | Found an ancient bone altar of Kikubaaqudgha.
  9332 | D:11     | Noticed a boulder beetle
  9359 | D:11     | Noticed DeathSocks's ghost (journeyman VSDe)
  9626 | D:11     | Received a gift from Nemelex Xobeh
  9862 | D:12     | Found a staircase to the Orcish Mines.
  9881 | D:12     | Noticed a two-headed ogre
  9895 | D:12     | Killed a two-headed ogre
  9984 | D:12     | Noticed a boulder beetle
 10002 | D:12     | Killed a boulder beetle
 10413 | D:12     | Reached **** piety under Nemelex Xobeh
 10414 | D:12     | Noticed a two-headed ogre
 10421 | D:12     | Killed a two-headed ogre
 10615 | D:12     | Received a gift from Nemelex Xobeh
 10798 | D:13     | Noticed a seven-headed hydra
 10834 | D:13     | Killed a seven-headed hydra
 11227 | D:13     | Noticed a two-headed ogre
 11237 | D:13     | Killed a two-headed ogre
 11238 | D:13     | Reached XP level 12. HP: 103/103 MP: 15/15
 11258 | D:13     | Received a gift from Nemelex Xobeh
 11292 | D:13     | Reached skill level 5 in Invocations
 11300 | D:13     | Found Yxadoqekk's Self-Published Books.
 11331 | D:13     | Found Sayheuv's General Store.
 11358 | D:13     | Found Pudyjoac's Weapon Shoppe.
 11373 | D:13     | Found Jiorur's Jewellery Emporium.
 11465 | D:13     | Noticed a boulder beetle
 11491 | D:13     | Killed a boulder beetle
 11550 | D:13     | Found Cixuqe's Antique Weapon Boutique.
 11586 | D:13     | Noticed a two-headed ogre
 11598 | D:13     | Killed a two-headed ogre
 11692 | D:13     | Noticed a two-headed ogre
 11696 | D:13     | Killed a two-headed ogre
 11737 | D:13     | Received a gift from Nemelex Xobeh
 11829 | D:13     | Found Nirch's Assorted Antiques.
 11832 | D:13     | Bought a scroll labelled ZETAOPRAATT for 24 gold pieces
 11835 | D:13     | Reached ***** piety under Nemelex Xobeh
 12007 | Lair:1   | Entered Level 1 of the Lair of Beasts
 12227 | Lair:1   | Reached skill level 14 in Unarmed Combat
 12617 | Lair:1   | Found a dark tunnel.
 12753 | Lair:1   | Received a gift from Nemelex Xobeh
 12880 | Lair:1   | Noticed a boulder beetle
 12893 | Lair:1   | Killed a boulder beetle
 13028 | Lair:2   | Found a gate leading to a gauntlet.
 13037 | Gauntlet | Entered a Gauntlet
 13037 | Gauntlet | Found a transporter.
 13037 | Gauntlet | Found a transporter.
 13045 | Gauntlet | Found a transporter.
 13050 | Gauntlet | Found a transporter.
 13058 | Gauntlet | Found a transporter.
 13062 | Gauntlet | Found a transporter.
 13079 | Gauntlet | Found a transporter.
 13086 | Gauntlet | Found a transporter.
 13086 | Gauntlet | Noticed an entropy weaver
 13100 | Gauntlet | Found a transporter.
 13104 | Gauntlet | Found a transporter.
 13115 | Gauntlet | Found a transporter.
 13116 | Gauntlet | Found a transporter.
 13333 | Gauntlet | Identified the ring "Meclohue" {rC++ rCorr Str+3 Int-4
                  | SInv}
 13359 | Gauntlet | Identified the ring "Poering" {rN+ AC+4 Dex+2}
 13397 | Gauntlet | Noticed a minotaur
 13412 | Gauntlet | Killed a minotaur
 13479 | Lair:2   | Reached XP level 13. HP: 98/113 MP: 18/18
 13527 | Lair:2   | Reached skill level 10 in Fighting
 13761 | Lair:2   | Received a gift from Nemelex Xobeh
 13860 | Lair:2   | Found the +4 robe of Folly {Brill Will-∞ Int+8}
 13977 | Lair:2   | Found a hole to the Spider Nest.
 14576 | Lair:3   | Received a gift from Nemelex Xobeh
 14641 | Lair:3   | Reached skill level 10 in Shapeshifting
 14855 | Lair:3   | Reached skill level 15 in Unarmed Combat
 15127 | Lair:3   | Received a gift from Nemelex Xobeh
 15246 | Lair:3   | Found a staircase to the Swamp.
 15411 | Lair:4   | Received a gift from Nemelex Xobeh
 15615 | Lair:4   | Noticed Nessos
 15639 | Lair:4   | Killed Nessos
 15816 | Lair:4   | Received a gift from Nemelex Xobeh
 15865 | Lair:4   | Reached XP level 14. HP: 121/121 MP: 21/21
 16008 | Lair:4   | Noticed Kirke
 16017 | Lair:4   | Kirke changed into Kirke the water nymph
 16017 | Lair:4   | Noticed Kirke
 16020 | Lair:4   | Killed Kirke the water nymph
 16299 | Lair:5   | Entered Level 5 of the Lair of Beasts
 16316 | Lair:5   | Found a viscous altar of Jiyva.
 16319 | Lair:5   | Found a staircase to the Slime Pits.
 16391 | Lair:5   | Reached ****** piety under Nemelex Xobeh
 16411 | Lair:5   | Received a gift from Nemelex Xobeh
 16446 | Lair:5   | Reached skill level 10 in Dodging
 16720 | Lair:5   | Reached skill level 10 in Invocations
 16768 | Lair:5   | Received a gift from Nemelex Xobeh
 17045 | Lair:5   | Reached skill level 16 in Unarmed Combat
 17253 | Lair:5   | Got the Teachings on the Floating Glacier
 17782 | Orc:1    | Entered Level 1 of the Orcish Mines
 17836 | Orc:2    | Entered Level 2 of the Orcish Mines
 17855 | Orc:2    | Noticed Donald
 17897 | Orc:1    | Identified the +2 trident "Kyucath" {vamp, rElec Dex+4}
 17901 | Orc:1    | Killed Donald
 18205 | Orc:1    | Reached skill level 17 in Unarmed Combat
 18234 | Orc:2    | Reached XP level 15. HP: 112/126 MP: 22/22
 18312 | Orc:2    | Found a staircase to the Elven Halls.
 18353 | Orc:2    | Found Vererull's Jewellery Emporium.
 18353 | Orc:2    | Found Jeqeijus's Antique Weapon Shop.
 18354 | Orc:2    | Found Esalunah's Magic Scroll Boutique.
 18354 | Orc:2    | Found Ywoer's General Store.
 18355 | Orc:2    | Received a gift from Nemelex Xobeh
 18387 | Orc:2    | Bought a ring of poison resistance for 320 gold pieces
 18817 | Orc:1    | Received a gift from Nemelex Xobeh
 19232 | D:14     | Received a gift from Nemelex Xobeh
 19295 | D:14     | Reached skill level 1 in Evocations
 19365 | D:14     | Found a gate to the Vaults.
 19587 | D:14     | Received a gift from Nemelex Xobeh
 19780 | D:15     | Entered Level 15 of the Dungeon
 19965 | D:15     | Found a staircase to the Depths.
 20061 | D:15     | Acquired 1190 gold pieces
 20294 | D:15     | Found an ornate altar of the Wu Jian Council.
 20658 | D:15     | Received a gift from Nemelex Xobeh
 20744 | D:15     | Found Zuabanwum's Serpentskin Sales.
 21189 | Spider:1 | Entered Level 1 of the Spider Nest
 22407 | Spider:2 | Identified the -1 cloak "Turiyg" {Harm rC+++ Str-3 Dex+5}
 22422 | Spider:2 | Received a gift from Nemelex Xobeh
 22492 | Spider:2 | Reached skill level 5 in Evocations
 22935 | Spider:2 | Reached XP level 16. HP: 138/139 MP: 23/23
 23383 | Spider:2 | Identified the +5 dire flail of Conscience {freeze, Will-
                  | Str+5}
 23753 | Spider:3 | Reached skill level 1 in Shields
 23927 | Spider:3 | Reached skill level 18 in Unarmed Combat
 24515 | Spider:4 | Entered Level 4 of the Spider Nest
 24517 | Spider:4 | Received a gift from Nemelex Xobeh
 24686 | Spider:4 | Reached skill level 1 in Stealth
 24744 | Spider:4 | Found a runed translucent door.
 24783 | Spider:4 | Noticed Unoview's ghost (adept KoAr)
 25851 | Spider:4 | Got a gossamer rune of Zot
 25932 | Spider:4 | Reached XP level 17. HP: 150/150 MP: 24/24
 25970 | Spider:4 | Identified the +2 hat "Poh Ic Noqus" {rElec rF++ rCorr
                  | Int-3}
 26044 | Spider:4 | Received a gift from Nemelex Xobeh
 26230 | Swamp:1  | Entered Level 1 of the Swamp
 26708 | Swamp:1  | Reached skill level 5 in Stealth
 27068 | Swamp:2  | Received a gift from Nemelex Xobeh
 27401 | Swamp:2  | Reached skill level 19 in Unarmed Combat
 27723 | Swamp:3  | Noticed a tentacled monstrosity
 27733 | Swamp:3  | Killed a tentacled monstrosity
 28071 | Swamp:3  | Received a gift from Nemelex Xobeh
 28343 | Swamp:4  | Entered Level 4 of the Swamp
 29160 | Swamp:4  | Identified the +3 barding "Gequsiyjic" {+Blink Fly Int-4
                  | Dex+6}
 29277 | Swamp:4  | Received a gift from Nemelex Xobeh
 29507 | Swamp:4  | Found a blossoming altar of Fedhas.
 29567 | Swamp:4  | Reached skill level 5 in Shields
 29567 | Swamp:4  | Reached XP level 18. HP: 154/161 MP: 25/25
 29585 | Swamp:4  | Got a decaying rune of Zot
 29604 | Swamp:4  | Found a basalt altar of Yredelemnul.
 29968 | Vaults:1 | Entered Level 1 of the Vaults
 30402 | Vaults:1 | Reached skill level 15 in Fighting
 30539 | Vaults:1 | Received a gift from Nemelex Xobeh
 30728 | Vaults:1 | Reached skill level 15 in Shapeshifting
 31276 | Vaults:1 | Noticed Norris
 31329 | Vaults:1 | Killed Norris
 31454 | Vaults:1 | Reached skill level 20 in Unarmed Combat
 31642 | Vaults:2 | Received a gift from Nemelex Xobeh
 31803 | Vaults:2 | Found Kaoffit's Distillery.
 31966 | Vaults:2 | Paralysed by a formless jellyfish for 1 turns
 32005 | Vaults:2 | Reached XP level 19. HP: 170/170 MP: 26/26
 32096 | Vaults:2 | Received a gift from Nemelex Xobeh
 32668 | Vaults:2 | Reached skill level 10 in Shields
 32839 | Vaults:2 | Found a staircase to the Crypt.
 32839 | Vaults:2 | Found an ancient bone altar of Kikubaaqudgha.
 32839 | Vaults:2 | Found a basalt altar of Yredelemnul.
 32984 | Vaults:2 | Found a runed translucent gate.
 32984 | Vaults:2 | Found an opulent altar of Gozag.
 32984 | Vaults:2 | Found a runed translucent gate.
 32991 | Vaults:2 | Found a runed translucent gate.
 32992 | Vaults:2 | Found Zank's Assorted Antiques.
 33019 | Vaults:2 | Found Nigh's Assorted Antiques.
 33019 | Vaults:2 | Noticed Pixtaico's ghost (adept FeNe)
 33073 | Vaults:3 | Received a gift from Nemelex Xobeh
 33230 | Vaults:3 | Acquired the ring of Otihyepa {rF+ AC+4 Str+3}
 33244 | Vaults:3 | Paralysed by a sphinx for 2 turns
 33479 | Vaults:3 | You fall into a shaft and drop 1 floor!
 33899 | Vaults:4 | Received a gift from Nemelex Xobeh
 33932 | Vaults:4 | Paralysed by a formless jellyfish for 1 turns
 34732 | Vaults:4 | Received a gift from Nemelex Xobeh
 35154 | Vaults:3 | Reached XP level 20. HP: 178/178 MP: 28/28
 35462 | Vaults:3 | Learned a level 2 spell: Blink
 35465 | Vaults:3 | Learned a level 2 spell: Lesser Beckoning
 35677 | Vaults:3 | Received a gift from Nemelex Xobeh
 36364 | Elf:1    | Entered Level 1 of the Elven Halls
 36452 | Elf:1    | Received a gift from Nemelex Xobeh
 36481 | Elf:1    | Found Ikeosed's Tremendous Tomes.
 36713 | Elf:1    | Found Holito's Armour Shop.
 36715 | Elf:1    | Found Qeuliobi's Jewellery Boutique.
 36718 | Elf:1    | Found Basarog's Antique Armour Shop.
 36764 | Elf:1    | Received a gift from Nemelex Xobeh
 37517 | Elf:2    | Found a flickering gateway to a bazaar.
 37537 | Elf:2    | Received a gift from Nemelex Xobeh
 37544 | Bazaar   | Entered a bazaar
 37546 | Bazaar   | Found Ybuo's Magic Scroll Boutique.
 37550 | Bazaar   | Bought a scroll of teleportation for 42 gold pieces
 37550 | Bazaar   | Bought a scroll of summoning for 133 gold pieces
 37550 | Bazaar   | Bought a scroll of fog for 56 gold pieces
 37550 | Bazaar   | Found Cap Rutu's Antique Armour Boutique.
 37550 | Bazaar   | Found Eqeomal's Antique Weapon Boutique.
 37551 | Bazaar   | Found Cunyol's General Store.
 37556 | Bazaar   | Bought a wand of digging (1) for 37 gold pieces
 37710 | Elf:2    | Identified the +3 leather armour of the Butcher {Rampage
                  | +Blink rN+}
 37896 | Elf:2    | Found a runed translucent gate.
 37897 | Elf:2    | Found a runed translucent gate.
 37897 | Elf:2    | Found a runed translucent gate.
 38096 | Elf:3    | Entered Level 3 of the Elven Halls
 38268 | Elf:3    | Received a gift from Nemelex Xobeh
 38650 | Elf:3    | Found Noommuek's Weapon Shoppe.
 39118 | Elf:3    | Received a gift from Nemelex Xobeh
 39290 | Elf:3    | Reached skill level 21 in Unarmed Combat
 39825 | Elf:3    | Reached XP level 21. HP: 172/173 MP: 30/30
 39940 | Elf:3    | Identified the +0 leather armour of Barrigi {rF+ Dex+2}
 40040 | Elf:3    | Identified the +4 flail of Foul Odours {drain, rC+++ Str-5
                  | Int+2}
 40040 | Elf:3    | Identified the +1 robe of Riogoruv {rC++}
 40170 | Elf:3    | Received a gift from Nemelex Xobeh
 40207 | Elf:3    | Identified the +2 leather armour "Laakages" {+Blink rPois
                  | rCorr}
 40353 | Elf:3    | Identified the +4 spear of Arrium {flame, Int+6 Dex-4}
 40367 | Elf:3    | Identified the -1 cloak "Jis Daem" {Will++ Dex-5}
 40370 | Elf:3    | Identified the staff "Ogrebane" {rN+ rCorr Dex+2 Necro}
 40378 | Elf:3    | Got the Compilation of Horrid Hexes
 40804 | Depths:1 | Entered Level 1 of the Depths
 40827 | Depths:1 | Found an iron altar of Okawaru.
 41052 | Depths:1 | Received a gift from Nemelex Xobeh
 41472 | Depths:1 | Found a one-way gateway to a ziggurat.
 41618 | Depths:1 | Received a gift from Nemelex Xobeh
 41631 | Depths:1 | Found a gateway to Hell.
 41976 | Depths:2 | Noticed Sojobo
 41980 | Depths:2 | Paralysed by an air elemental for 1 turns
 41994 | Depths:2 | Killed Sojobo
 42188 | Depths:2 | Identified the +3 robe of the True Pharaoh {rElec Will-
                  | Archmagi}
 42188 | Depths:2 | Noticed Boris
 42200 | Depths:2 | Found a one-way gate leading to the halls of Pandemonium.
 42209 | Depths:2 | Noticed a caustic shrike
 42214 | Depths:2 | Killed a caustic shrike
 42284 | Depths:2 | Noticed Nikola
 42287 | Depths:2 | Noticed a golden dragon
 42297 | Depths:2 | Noticed a golden dragon
 42521 | Depths:2 | Killed a golden dragon
 42528 | Depths:2 | Noticed a juggernaut
 42724 | Depths:2 | Killed Nikola
 42726 | Depths:2 | Killed a golden dragon
 42756 | Depths:2 | Noticed a juggernaut
 42843 | Depths:2 | Received a gift from Nemelex Xobeh
 43029 | Depths:2 | Killed Boris
 43275 | Depths:2 | Killed a juggernaut
 43457 | Depths:3 | Received a gift from Nemelex Xobeh
 43460 | Depths:3 | Noticed a golden dragon
 43465 | Depths:3 | Noticed a golden dragon
 43475 | Depths:2 | Killed a golden dragon
 43476 | Depths:2 | Reached XP level 22. HP: 196/196 MP: 32/32
 43568 | Depths:2 | Killed a juggernaut
 43817 | Depths:3 | Found a basalt altar of Yredelemnul.
 43896 | Depths:3 | Reached skill level 15 in Dodging
 44047 | Depths:3 | Found a one-way gate to the infinite horrors of the Abyss.
 44180 | Depths:3 | Found a hazy altar of Hepliaklqana.
 44418 | Depths:3 | Killed a golden dragon
 44709 | Depths:3 | Noticed a golden dragon
 44741 | Depths:3 | Received a gift from Nemelex Xobeh
 44830 | Depths:3 | Reached skill level 22 in Unarmed Combat
 44898 | Depths:3 | Paralysed by a vampire knight for 2 turns
 44914 | Depths:3 | Killed a golden dragon
 45105 | Depths:2 | Identified the ring "Zulutt" {rC+ rN++ rCorr Str-4 Slay+4}
 45193 | Depths:4 | Entered Level 4 of the Depths
 45223 | Depths:4 | Identified the ring of Inlaajua {Ice Str+3}
 45223 | Depths:4 | Noticed Josephina
 45232 | Depths:4 | Killed Josephina
 45234 | Depths:4 | Reached skill level 15 in Invocations
 45243 | Depths:4 | Noticed Margery
 45254 | Depths:4 | Killed Margery
 45585 | Depths:4 | Found a flickering gateway to a bazaar.
 45607 | Bazaar   | Entered a bazaar
 45607 | Bazaar   | Found Jemas's Jewellery Shoppe.
 45607 | Bazaar   | Found Sessylipn's Armour Emporium.
 45644 | Depths:4 | Noticed a golden dragon
 45659 | Depths:4 | Killed a golden dragon
 45918 | Depths:4 | Reached XP level 23. HP: 206/206 MP: 34/34
 45998 | Depths:4 | Found a gate to the Realm of Zot.
 46518 | Vaults:5 | Entered Level 5 of the Vaults
 47420 | Vaults:5 | Noticed an ancient lich
 47459 | Vaults:5 | Paralysed by a sphinx for 3 turns
 47644 | Vaults:5 | Identified the ring of Gonnint {rPois Int+3 Dex+7 Slay-4}
 47779 | Vaults:5 | Killed an ancient lich
 47969 | Vaults:5 | Reached skill level 23 in Unarmed Combat
 48107 | Vaults:5 | Learned a level 1 spell: Apportation
 48133 | Vaults:5 | Got a silver rune of Zot
 48211 | Vaults:5 | Reached skill level 1 in Translocations
 48227 | Vaults:5 | Paralysed by a sphinx for 3 turns
 48348 | Vaults:5 | Received a gift from Nemelex Xobeh
 48682 | Vaults:5 | Identified the +8 chain mail of the Stone Wall {rCorr
                  | Str+6}
 48757 | Vaults:5 | Identified the staff of Arcadian Reinforcement {+Blink
                  | rPois rC- rCorr Dex+4 Alchemy}
 49027 | Zot:1    | Entered Level 1 of the Realm of Zot
 49167 | Zot:1    | Found a transporter.
 49167 | Zot:1    | Noticed Pessaschasee's ghost (legendary HOFi)
 49178 | Zot:1    | Found a transporter.
 49237 | Zot:1    | You fall into a shaft and drop 1 floor!
 49245 | Zot:2    | Noticed Caurgh's ghost (veteran OnBe)
 49253 | Zot:2    | Reached XP level 24. HP: 221/221 MP: 35/35
 49282 | Zot:2    | HP: 5/287 [black draconian/bolt of lightning (11)]
 49290 | Zot:2    | HP: 14/287 [constriction (6)]
 49297 | Zot:2    | HP: 8/287 [tentacled monstrosity (9)]
 49300 | Zot:2    | Killed from afar by a quicksilver dragon

Illustrated notes

Levels and vault maps discovered:
D:1:      dpeg_arrival_boxorama, layout_rooms, hangedman_decor_push,
          minivault_24
D:2:      layout_rooms
D:3:      layout_basic, solitary_fountain, minmay_lizard_king
D:4:      layout_cave_pods, kennysheep_cluttered_room, hangedman_glass_garden
D:5:      layout_gridville, minmay_temple_entry_proselytizer, hex_medium,
          serial_bayou_pond_d, guppyfry_early_orc_mine
D:6:      layout_basic, serial_park_tiny_1
D:7:      layout_basic, nicolae_overflow_squiral, nicolae_shop_clearance,
          uniq_joseph
D:8:      layout_basic, kennysheep_orc_sif_temple, lair_entry_dummy, uniq_psyche
D:9:      layout_cave_pools, st_stairs_6, minmay_misc_feat_rows,
          roderic_batcave, uniq_erica
D:10:     layout_long_grid
D:11:     layout_stronghold, nzn_ghost_randoct, roadster_capsule_ark_zombie
D:12:     layout_roguey, david_orc_1_choice
D:13:     layout_stronghold, portal_ice_cave_entry_imps, serial_shops,
          nicolae_shop_hallway_stairs, nicolae_square_shop, shop, shop,
          nicolae_shop_behind_doors, nicolae_custom_books, st_stairs_1,
          nrook_loot_triangle
D:14:     layout_long_grid, hellmonk_vaults_order_and_chaos
D:15:     hangedman_depths_entry_try_elsewhere_first, layout_loops_corners,
          nicolae_wu_jian_immortal_techniques, guppyfry_shop_venom
Temple:   compressed_dpeg_triangle_lava_temple
Lair:1:   layout_concentric_octagons, nicolae_volcano_entry_s_turn,
          kennysheep_abandoned_house, infiniplex_staircase_pool_2
Lair:2:   layout_loops_ring, hellmonk_spider_entry_life_and_decay,
          gauntlet_entry_generic, dreamdust_deal_with_the_devil,
          grunt_megastairs_2
Lair:3:   layout_chaotic_city, mainiacjoe_swamp_entry_angry_trees
Lair:4:   layout_gridlike, uniq_kirke, uniq_nessos
Lair:5:   evilmike_catoblepas_cave, layout_long_grid,
          minmay_slime_entry_oklob_open, lemuel_fruit_fields
Swamp:1:  layout_basic_swamp, evilmike_swamp_ruin_rubble_1
Swamp:2:  layout_falls_marsh, hangedman_swamp_ruin_wall
Swamp:3:  layout_basic_swamp, evilmike_swamp_ruin_house_3
Swamp:4:  byrel_swamp_growth_death_and_undeath, layout_basic_swamp,
          swamp_pool_1_2, nicolae_swamp_triple_paths
Spider:1: layout_cave_pods
Spider:2: nicolae_spider_broodchamber, hangedman_spider_tarantella_strand
Spider:3: layout_spider_delve
Spider:4: guppyfry_spider_rune, ebering_ghost_inner_flame,
          nicolae_spider_paper_wasps
Orc:1:    layout_diamond_mine
Orc:2:    st_orc_ogre_mass, layout_caves, uniq_donald
Elf:1:    minmay_elf_arrival_summoners, layout_loops_ring, serial_glass,
          glass_columns_a, glass_columns_a, glass_columns_b, glass_columns_a,
          hangedman_elf_disciples, nicolae_shop_i_like_big_books,
          minmay_shop_star
Elf:2:    nicolae_elf_blades_crystal_corner, layout_rooms, serial_shops,
          bzr_entry_lakeside, nicolae_elf_martial_mastery
Elf:3:    minmay_elf_hall_statues, layout_geoelf_castle, serial_shops,
          nicolae_shop_bloodbath_and_beyond, guppyfry_elf_castle
Vaults:1: nicolae_vaults_network_quinsquares
          [nicolae_vaults_network_quincunx_subvault,
          nicolae_vaults_network_quincunx_subvault,
          nicolae_vaults_network_quincunx_subvault,
          nicolae_vaults_network_quincunx_subvault],
          hangedman_vaults_restitches, nicolae_vaults_gold_heap,
          nicolae_vaults_storage_closets_2, nicolae_vaults_storage_closets_1,
          vaults_room_corners, layout_vaults_omnigrid, uniq_norris
Vaults:2: ebering_ghost_gozag, nicolae_vaults_windows_and_doors_thing,
          nicolae_vaults_six-pack, nicolae_vaults_six-pack,
          nicolae_vaults_tetromino_L_2, minmay_crypt_entry_necro_gods,
          dpeg_vaults_monster_box, nicolae_vaults_doubleplus_tesselated,
          nicolae_vaults_branching_niches, v_pattern_3,
          nicolae_vaults_trapezoid_lopsided_2, layout_vaults_omnibox,
          serial_shops, nicolae_shop_industrial_runoff
Vaults:3: nicolae_vaults_wrenched, vaults_mumra_lcd, nicolae_vaults_wine_cellar,
          vaults_room_pools, nicolae_vaults_little_squares_4,
          nicolae_vaults_display_case, nicolae_vaults_alarming,
          nicolae_vaults_storage_closets_3, nicolae_vaults_disjoint_gnomons,
          nicolae_vaults_layer_cake_slice, grunt_vaults_swirl,
          ontoclasm_vaults_decontamination, nicolae_vaults_octothorpe,
          layout_vaults_big_room
Vaults:4: nicolae_vaults_swerve, nicolae_vaults_security_offices_6,
          nicolae_vaults_little_squares_5, nicolae_vaults_six-pack, v_misc_30,
          v_misc_22, nicolae_vaults_network_s, ontoclasm_vaults_gateway,
          nicolae_vaults_network_barrier, nicolae_vaults_tetromino_Z_2,
          hangedman_vaults_stagger, hangedman_vaults_capsules,
          nicolae_vaults_diamond_1, grunt_vaults_focal,
          nicolae_vaults_double_plus_2, layout_vaults_omnicross
Vaults:5
Depths:1: layout_gridlike, enter_ziggurat_a, hellmouth_1, lemuel_doored_altar,
          minmay_liquid_box, evilmike_minifort
Depths:2: minmay_four_inscribed_fans, layout_basic, pan_entry, hell_entry,
          uniq_sojobo, uniq_nikola, uniq_boris
Depths:3: kennysheep_windowed_halls, layout_cave_pools, pf_coc_iceberg,
          nzn_hepliaklqana_mist_gate, abyss_entry,
          nicolae_yredelemnul_corpse_copse
Depths:4: grunt_zot_entry_bicorn, layout_basic, chequers_serial_rivers_room_a,
          serial_shops, bzr_entry_water, hell_entry, nrook_mini_vaults,
          uniq_margery, uniq_josephina
Zot:1:    layout_concentric_octagons, gammafunk_ghost_arena
Zot:2:    layout_misc_corridors, bh_zot_lava_cross, gammafunk_ghost_crypt

Skill      XL: |  1  2  3  4  5  6  7  8  9 10 11 12 13 14 15 16 17 18 19 20 21 22 23 |
---------------+----------------------------------------------------------------------+-----
Unarmed Combat | 4 5 6 8 10 11 13 14 15 17 18 19 20 21 22 23 | 23.2
Shapeshifting  | 4 5 6 7 8 9 10 12 13 14 15 17 18 19 20 | 20.8
Dodging        | 2 4 5 7 8 9 10 11 12 13 14 15 16 | 16.0
Fighting       | 4 6 8 9 10 11 13 14 15 16 17 19 | 19.1
Invocations    | 4 7 9 10 12 14 15 16 | 16.0
Evocations     | 5 6 |  6.0
Shields        | 3 5 8 10 12 | 12.0
Stealth        | 4 5 |  5.0
Translocations | 4 |  4.6

Action                     |  1- 3 |  4- 6 |  7- 9 | 10-12 | 13-15 | 16-18 | 19-21 | 22-24 || total
---------------------------+-------+-------+-------+-------+-------+-------+-------+-------++-------
  Melee: Unarmed           |    16 |   109 |   232 |   633 |  1356 |  1549 |  1378 |  1058 ||  6331
         Tailslap          |     3 |     8 |    31 |   125 |   340 |   401 |   293 |   257 ||  1458
         Punch             |       |     1 |     3 |       |       |    99 |       |       ||   103
         Maw               |       |       |       |       |       |   346 |   453 |       ||   799
   Fire: Sling             |    60 |   136 |    82 |       |       |       |       |       ||   278
 Invoke: Draw Destruction  |       |       |     2 |       |     5 |    32 |    13 |       ||    52
         Draw Summoning    |       |       |       |     1 |     7 |     8 |    10 |     6 ||    32
Ability: Begin Untransform |       |     1 |       |       |       |       |       |       ||     1
         Breathe Steam     |       |       |     3 |       |       |       |       |       ||     3
  Evoke: Wand              |       |       |     1 |       |     1 |     1 |     1 |     2 ||     6
    Use: Scroll            |       |     8 |     2 |    19 |     8 |     4 |     9 |    17 ||    67
         Potion            |       |       |     4 |     2 |     4 |     4 |     7 |     9 ||    30
   Stab: Sleeping          |       |       |     1 |       |       |     8 |    18 |     3 ||    30
         Distracted        |       |       |       |       |     1 |     2 |     2 |     5 ||    10
 Armour: Skin              |    16 |    79 |   129 |   271 |   549 |   982 |   643 |  1090 ||  3759
  Dodge: Dodged            |    17 |   104 |   299 |   692 |  1572 |  1528 |   597 |  1072 ||  5881
  Block: Kite shield       |       |       |       |       |       |    39 |   685 |  1151 ||  1875
         Buckler           |       |       |       |       |       |    29 |       |       ||    29
   Form: Beast             |       |     1 |       |       |       |       |       |       ||     1
         Flux              |       |       |     1 |       |       |       |       |       ||     1
         Maw               |       |       |       |       |       |     1 |       |       ||     1
         Statue            |       |       |       |       |       |       |     1 |       ||     1

Table legend: (Time is in decaauts)
 A = Elapsed time spent in this place.
 B = Non-inter-level travel time spent in this place.
 C = Inter-level travel time spent in this place.
 D = Time resting spent in this place.
 E = Time spent auto-exploring this place.
 F = Levels seen in this place.
 G = Mean time per level.
                   A        B        C        D        E       F      G
               +--------+--------+--------+--------+--------+-----+--------+
         Total |  51767 |  47759 |   4008 |   4172 |  26783 |  48 | 1078.5 |
       Dungeon |  14631 |  13116 |   1515 |    552 |   9382 |  15 |  975.4 |
        Temple |     87 |     78 |      9 |      0 |      0 |   1 |   87.0 |
          Lair |   5230 |   4831 |    399 |     17 |   3579 |   5 | 1046.0 |
         Swamp |   3597 |   3401 |    196 |    359 |   1714 |   4 |  899.2 |
   Spider Nest |   4727 |   4634 |     93 |    573 |   2238 |   4 | 1181.8 |
  Orcish Mines |   1103 |    959 |    144 |     73 |    470 |   2 |  551.5 |
   Elven Halls |   4135 |   3839 |    296 |    706 |   1707 |   3 | 1378.3 |
        Vaults |   9504 |   8930 |    574 |   1158 |   4037 |   5 | 1900.8 |
        Depths |   7899 |   7122 |    777 |    590 |   3453 |   4 | 1974.8 |
           Zot |    386 |    385 |      1 |     15 |    109 |   2 |  193.0 |
        Bazaar |     87 |     87 |      0 |      0 |     46 |   2 |   43.5 |
      Gauntlet |    377 |    377 |      0 |    127 |     46 |   1 |  377.0 |
               +--------+--------+--------+--------+--------+-----+--------+

Top non-repeatable levels by time:
Vaults:4: 2788 daAuts
Depths:2: 2508 daAuts
   Elf:3: 2497 daAuts
Depths:3: 2150 daAuts
Vaults:5: 2071 daAuts
Depths:1: 1721 daAuts
Vaults:1: 1644 daAuts
Vaults:3: 1577 daAuts
Spider:4: 1536 daAuts
Depths:4: 1519 daAuts
Vaults:2: 1423 daAuts
    D:15: 1353 daAuts
 Swamp:4: 1313 daAuts
Spider:2: 1303 daAuts
    D:13: 1293 daAuts
